 Dungeon Crawl Stone Soup version 0.31.0-11-ge490571c62 (webtiles) character file.

Game seed: 7963452223684623260

21 qw the Shooter (level 2, 0/16 HPs)
             Began as a Deep Elf Hunter on Feb 4, 2024.
             Slain by a ribbon worm (6 damage)
             ... on level 1 of the Dungeon.
             The game lasted 00:00:02 (926 turns).

qw the Shooter (Deep Elf Hunter)                     Turns: 926, Time: 00:00:02

Health: 0/16       AC:  4    Str:  8    XL:     2   Next: 62%
Magic:  4/4        EV: 12    Int: 13    God:
Gold:   44         SH:  0    Dex: 18    Spells: 1/1 levels left

rFire   . . .        a - +0 shortbow
rCold   + . .        (shield currently unavailable)
rNeg    . . .        h - +0 leather armour {rC+}
rPois   .            d - +0 helmet
rElec   .            (no cloak)
rCorr   .            (no gloves)
SInv    .            (no boots)
Will    .....        (no amulet)
Stlth   ++           (no ring)
HPRegen 0.22/turn    (no ring)
MPRegen 0.09/turn

%: no passive effects
@: no status effects
A: no striking features
a: no special abilities


You were on level 1 of the Dungeon.
You visited 1 branch of the dungeon, and saw 2 of its levels.

You collected 44 gold pieces.


   Skills:
 - Level 1.5 Fighting
 + Level 6.4 Ranged Weapons
 - Level 2.4 Dodging
 - Level 1.2 Stealth


You had one spell level left.
You didn't know any spells.
Your spell library was empty.

Inventory:

Hand Weapons
 a - a +0 shortbow (weapon)
Armour
 d - a +0 helmet (worn)
 h - a +0 leather armour of cold resistance (worn)
Potions
 k - a potion of curing

Dungeon Overview and Level Annotations

Branches:
Dungeon (2/15)

Altars:

Shops:
D:2 :


Message History

Done exploring.
897 ||| DROPPING scroll of butterflies.
You drop a scroll of butterflies.
Done exploring.
898 ||| DROPPING scroll of revelation.
You drop a scroll of revelation.
Done exploring.
What level of the Dungeon? (default 1, ? - help)
There is a stone staircase leading down here.
You climb downwards.
The rat squeaks loudly.
Found an escape hatch in the floor.
There is a stone staircase leading up here.
There are monsters nearby!
Waypoint 1 assigned to D:2.
You shoot an arrow. The arrow hits the rat.
You kill the rat!
An endoplasm comes into view.
You shoot an arrow. The arrow hits the ribbon worm.
The ribbon worm is lightly wounded.
You shoot an arrow.
The arrow hits the ribbon worm but does no damage.
The ribbon worm is lightly wounded.
921 ||| STAIRDANCE The ribbon worm expels a string of sticky webbing.
The stream of webbing hits you but does no damage.
You are caught in a web!
You climb upwards.
There is a stone staircase leading down here.
You shoot an arrow. The arrow hits the ribbon worm.
The ribbon worm is lightly wounded.
The ribbon worm bites you.
You shoot an arrow. The arrow hits the ribbon worm.
The ribbon worm is lightly wounded.
The ribbon worm closely misses you.
You shoot an arrow. The arrow hits the ribbon worm.
The ribbon worm is moderately wounded.
The ribbon worm bites you!
You shoot an arrow.
The arrow hits the ribbon worm but does no damage.
The ribbon worm is lightly wounded.
The ribbon worm bites you.
You die...

# #...#.#.#.#.########.## #
##..#.#.#.#.# #.# #
#######..#.#.#.#.# #.# #
#..........#.#.#.# #.# #
#............#.#.# #.# #
#.......#....#...########.#
####......(###...............#
...........#
#.w.##############
......######
###@.............# ......#
#################.### ......#
##...........# #.# ¤¤(...#
#...########.# #.# ¤######
#....).....#.# #.# ¤#
#....#####.#.#####.# ¤#
#....#.....#.......# ¤#
#....#.############# .#
#..............#


You could see a ribbon worm.

Vanquished Creatures
  2 endoplasms (D:1)
  A giant cockroach (D:1)
  3 goblins (D:1)
  2 hobgoblins (D:1)
  A quokka (D:1)
  A bat (D:1)
  A frilled lizard (D:1)
  5 kobolds (D:1)
  4 rats
20 creatures vanquished.

Notes
Turn   | Place    | Note
-------+----------+-------------------------------------------
     0 | D:1      | qw the Deep Elf Hunter began the quest for the Orb.
     0 | D:1      | Reached XP level 1. HP: 12/12 MP: 3/3
     0 | D:1      | 0 ||| qw: Version: 0.3-a-160-g6735b56
     0 | D:1      | 0 ||| qw: Game counter: 4553
     0 | D:1      | 0 ||| qw: Melee chars always use a shield: true
     0 | D:1      | 0 ||| qw: God list: Okawaru
     0 | D:1      | 0 ||| qw: Allow faded altars: false
     0 | D:1      | 0 ||| qw: Do Orc after clearing Dungeon:15 true
     0 | D:1      | 0 ||| qw: Do second Lair branch before Depths: true
     0 | D:1      | 0 ||| qw: Lair rune preference: random
     0 | D:1      | 0 ||| qw: Goals: Normal
     0 | D:1      | 0 ||| PLANNING D:1-11
   173 | D:1      | Found a faded altar of an unknown god.
   303 | D:1      | Reached skill level 6 in Ranged Weapons
   303 | D:1      | Reached XP level 2. HP: 16/16 MP: 4/4
   776 | D:1      | 776 ||| UPGRADING to +0 helmet.
   781 | D:1      | 781 ||| UPGRADING to +0 leather armour of cold resistance.
   791 | D:1      | 791 ||| DROPPING +0 leather armour.
   792 | D:1      | 792 ||| DROPPING +6 ring of intelligence.
   793 | D:1      | 793 ||| READING 2 scrolls labelled DELUPED COLIT.
   793 | D:1      | 793 ||| IDENTIFYING smoky black potion
   794 | D:1      | 794 ||| READING scroll of identify.
   794 | D:1      | 794 ||| IDENTIFYING scroll labelled SUNEMOCILI
   795 | D:1      | 795 ||| READING scroll labelled LAWYTT UXKUOCKURA.
   896 | D:1      | 896 ||| READING scroll labelled FIORET ZOCIUNK.
   897 | D:1      | 897 ||| DROPPING scroll of butterflies.
   898 | D:1      | 898 ||| DROPPING scroll of revelation.
   917 | D:2      | Found Kegaa's Book Shop.
   921 | D:2      | 921 ||| STAIRDANCE
   926 | D:1      | Slain by a ribbon worm

Levels and vault maps discovered:
D:1:      minmay_arrival_solitary_statue, layout_basic,
          shapermc_ecumenical_altar_notcrosses
D:2:      layout_rooms, serial_shops, shop

Skill      XL: |  1 |
---------------+----+-----
Ranged Weapons | 6 |  6.4
Fighting       | |  1.5
Dodging        | |  2.4
Stealth        | |  1.2

Action                     || total
---------------------------++-------
   Fire: Shortbow          ||    44
    Use: Scroll            ||     4
 Armour: Leather armour    ||     3
  Dodge: Dodged            ||     2

Table legend:
 A = Non-vault XP
 B = Vault XP
 C = Vault XP percentage of total XP
 D = Non-vault monster count
 E = Vault monster count
 F = Vault count percentage of total count
                 A         B        C        D         E       F
            +---------+---------+-------+---------+---------+-------
      Total |      30 |       0 |   0.0 |      20 |       0 |   0.0
            +---------+---------+-------+---------+---------+-------
        D:1 |      29 |       0 |   0.0 |      19 |       0 |   0.0
        D:2 |       1 |       0 |   0.0 |       1 |       0 |   0.0
            +---------+---------+-------+---------+---------+-------
